 Dungeon Crawl Stone Soup version 0.24-a0-778-g74da537585 (webtiles) character file.

Game seed: 3723300712437456053, levelgen mode: deterministic

30 Ablot the Charmwright (level 3, -7/31 HPs)
             Began as a Gnoll Skald on Oct 7, 2019.
             Mangled by an ice beast (12 damage)
             ... on level 2 of the Dungeon.
             The game lasted 00:03:18 (941 turns).

Ablot the Charmwright (Gnoll Skald)                  Turns: 941, Time: 00:03:20

Health: -7/31      AC:  4    Str: 14    XL:     3   Next: 20%
Magic:  4/18       EV: 14    Int: 15    God:
Gold:   111        SH:  0    Dex: 14    Spells: 1/12 levels left

rFire    . . .     SeeInvis .   a - +0 spear
rCold    . . .     Gourm    .   (no shield)
rNeg     . . .     Faith    .   b - +0 leather armour
rPois    .         Spirit   .   (no helmet)
rElec    .         Reflect  .   (no cloak)
rCorr    .         Harm     .   (no gloves)
MR       .....                  l - +0 pair of boots
Stlth    +.........             (no amulet)
HPRegen  1.10/turn              k - ring of magical power
MPRegen  0.16/turn              p - ring of wizardry

@: shrouded, infused, regenerating
A: distributed training, fangs 1, strong nose
a: no special abilities


You were on level 2 of the Dungeon.
You were not hungry.

You visited 1 branch of the dungeon, and saw 2 of its levels.

You collected 111 gold pieces.

Inventory:

Hand Weapons
 a - a +0 spear (weapon)
Missiles
 e - 22 stones
 f - 20 bolts
 j - 12 poisoned darts (quivered)
 n - 28 arrows
Armour
 b - a +0 leather armour (worn)
 l - a +0 pair of boots (worn)
Jewellery
 k - a ring of magical power (left hand)
 p - a ring of wizardry (right hand)
Scrolls
 g - 3 scrolls of identify
 h - 2 scrolls of teleportation {unknown}
 i - 2 scrolls of remove curse {unknown}
Potions
 m - a potion of berserk rage
 o - a potion of lignification {unknown}
Comestibles
 c - 3 chunks of flesh
 d - 4 rations


   Skills:
 + Level 4.5 Fighting
 + Level 0.6 Short Blades
 + Level 0.6 Long Blades
 + Level 0.6 Axes
 + Level 0.6 Maces & Flails
 + Level 4.5 Polearms
 + Level 0.6 Staves
 + Level 0.6 Slings
 + Level 0.6 Bows
 + Level 0.6 Crossbows
 + Level 0.6 Throwing
 + Level 2.5 Armour
 + Level 4.5 Dodging
 + Level 0.6 Stealth
 + Level 0.6 Shields
 + Level 0.6 Unarmed Combat
 + Level 5.0 Spellcasting
 + Level 0.4 Conjurations
 + Level 0.4 Hexes
 + Level 5.4 Charms
 + Level 0.4 Summonings
 + Level 0.4 Necromancy
 + Level 0.4 Translocations
 + Level 0.4 Transmutations
 + Level 0.4 Fire Magic
 + Level 0.4 Ice Magic
 + Level 0.4 Air Magic
 + Level 0.4 Earth Magic
 + Level 0.4 Poison Magic
 + Level 0.8 Invocations
 + Level 0.6 Evocations


You had one spell level left.
You knew the following spells:

 Your Spells              Type           Power        Failure   Level  Hunger
a - Infusion              Chrm           ###.         1%          1    None
b - Song of Slaying       Chrm           ###.....     1%          2    ##.....
c - Shroud of Golubria    Chrm/Tloc      ##....       3%          2    ##.....
d - Regeneration          Chrm/Necr      ##........   8%          3    ###....
e - Spectral Weapon       Hex/Chrm       ##......     8%          3    ###....

Your spell library contained the following spells:

 Spells                   Type           Power        Failure   Level  Hunger


Dungeon Overview and Level Annotations

Branches:
Dungeon (2/15)

Altars:


Innate Abilities, Weirdness & Mutations

Your experience applies equally to all skills.
You have very sharp teeth.
Your uncanny sense of smell can sniff out nearby items.


Message History

* * * LOW HITPOINT WARNING * * *
You are too injured to fight recklessly!
Unknown command.
Casting: Spectral Weapon (safe; 8% risk of failure)
Confirm with . or Enter, or press ? or * to list all spells.
Space distorts slightly along a thin shroud covering your body.
The ice beast misses you.
Unknown command.
Casting: Shroud of Golubria (safe; 3% risk of failure)
Confirm with . or Enter, or press ? or * to list all spells.
Your skin crawls.
The ice beast hits you but does no damage.
Unknown command.
You hit the ice beast.
The ice beast is severely wounded.
Your spectral weapon hits the ice beast from afar.
The ice beast hits you.
* * * LOW HITPOINT WARNING * * *
The ice beast freezes you!
You die...

# #########
........#
##.####.# ##.# #.#
##.# #.#### ##.#
#....# ##.#
####.#############
##.#
#.....(@Y......
##.#
###############
##.# ##.# ##.. # #
#


You could see an ice beast and a friendly spectral +0 spear.

Vanquished Creatures
  2 dart slugs (D:1)
  A leopard gecko (D:1)
  6 bats
  2 giant cockroaches
  3 goblins
  A hobgoblin (D:1)
  7 kobolds (D:1)
  A frilled lizard (D:1)
  A rat (D:1)
24 creatures vanquished.

Notes
Turn   | Place    | Note
-------+----------+-------------------------------------------
     0 | D:1      | Ablot the Gnoll Skald began the quest for the Orb.
     0 | D:1      | Reached XP level 1. HP: 20/20 MP: 6/6
   119 | D:1      | Reached XP level 2. HP: 25/26 MP: 7/7
   243 | D:1      | Learned a level 2 spell: Song of Slaying
   246 | D:1      | Learned a level 2 spell: Shroud of Golubria
   611 | D:1      | Reached XP level 3. HP: 28/31 MP: 9/9
   789 | D:2      | Learned a level 3 spell: Regeneration
   793 | D:2      | Learned a level 3 spell: Spectral Weapon
   823 | D:2      | Reached skill level 5 in Spellcasting
   922 | D:2      | Noticed an ice beast
   941 | D:2      | Mangled by an ice beast

Levels and vault maps discovered:
D:1:      minmay_arrival_statue_studded, layout_basic, patterned_corridor
D:2:      minmay_chambers_of_ones, layout_loops_ring, first_ration

Skill      XL: |  1  2  3 |
---------------+----------+-----
Spellcasting   | 5 |  5.0
Fighting       | |  4.5
Short Blades   | |  0.6
Long Blades    | |  0.6
Axes           | |  0.6
Maces & Flails | |  0.6
Polearms       | |  4.5
Staves         | |  0.6
Slings         | |  0.6
Bows           | |  0.6
Crossbows      | |  0.6
Throwing       | |  0.6
Armour         | |  2.5
Dodging        | |  4.5
Stealth        | |  0.6
Shields        | |  0.6
Unarmed Combat | |  0.6
Conjurations   | |  0.4
Hexes          | |  0.4
Charms         | |  5.4
Summonings     | |  0.4
Necromancy     | |  0.4
Translocations | |  0.4
Transmutations | |  0.4
Fire Magic     | |  0.4
Ice Magic      | |  0.4
Air Magic      | |  0.4
Earth Magic    | |  0.4
Poison Magic   | |  0.4
Invocations    | |  0.8
Evocations     | |  0.6

Action                   || total
-------------------------++-------
Melee: Spear             ||    91
       Bite              ||     9
 Cast: Shroud of Golubri ||     2
       Regeneration      ||     1
       Infusion          ||     1
       Spectral Weapon   ||     1
  Use: Scroll            ||     3
 Stab: Sleeping          ||     3
Armor: Leather armour    ||    14
Dodge: Dodged            ||    41

Table legend:
 A = Non-vault XP
 B = Vault XP
 C = Vault XP percentage of total XP
 D = Non-vault monster count
 E = Vault monster count
 F = Vault count percentage of total count
                 A         B        C        D         E       F
            +---------+---------+-------+---------+---------+-------
      Total |      44 |       0 |   0.0 |      24 |       0 |   0.0
            +---------+---------+-------+---------+---------+-------
        D:1 |      37 |       0 |   0.0 |      20 |       0 |   0.0
        D:2 |       7 |       0 |   0.0 |       4 |       0 |   0.0
            +---------+---------+-------+---------+---------+-------
